 Dungeon Crawl Stone Soup version 0.20.2-3-g29329e0561 (webtiles) character file.

240 Alfie the Shield-Bearer (level 6, -5/53 HPs)
             Began as a Hill Orc Fighter on Feb 12, 2024.
             Slain by an ogre
             ... wielding a +0 giant club
              (28 damage)
             ... on level 4 of the Dungeon.
             The game lasted 00:07:30 (2448 turns).

Alfie the Shield-Bearer (Hill Orc Fighter)          Turns: 2448, Time: 00:07:31

Health: -5/53      AC: 11    Str: 21    XL:     6   Next: 8%
Magic:  6/6        EV:  7    Int:  8    God:
Gold:   212        SH: 11    Dex: 10    Spells: 5/5 levels left

rFire    . . .     SeeInvis .   a - +0 rapier
rCold    . . .     Gourm    .   h - +2 shield
rNeg     + . .     Faith    .   b - +0 scale mail
rPois    .         Spirit   .   p - +0 helmet
rElec    .         Reflect  .   d - +2 cloak {MR+}
rCorr    .         Harm     .   (no gloves)
MR       +....                  (no boots)
Stlth    ..........             (no amulet)
Regen    0.2/turn               e - ring of positive energy
MPRegen  0.1/turn               (no ring)

@: lethally poisoned (-5 -> -6)
A: no striking features
a: no special abilities


You were on level 4 of the Dungeon.
You were not hungry.

You visited 1 branch of the dungeon, and saw 4 of its levels.

You collected 212 gold pieces.

Inventory:

Hand Weapons
 a - a +0 rapier (weapon)
Missiles
 c - 6 tomahawks (quivered)
Armour
 b - a +0 scale mail (worn)
 d - a +2 cloak of magic resistance (worn)
 h - a +2 shield (worn)
 p - a +0 helmet (worn)
Jewellery
 e - a ring of positive energy (left hand)
 n - an uncursed ring of positive energy
Wands
 t - a wand of digging (8/24)
Scrolls
 i - 4 scrolls of identify {unknown}
 l - a scroll of blinking {unknown}
 o - a scroll of recharging {unknown}
 q - a scroll of noise {unknown}
 r - 4 scrolls of teleportation {unknown}
Potions
 g - a potion of curing
Comestibles
 f - 2 bread rations
 j - 2 meat rations
 s - 2 royal jellies


   Skills:
 + Level 4.3 Fighting
 + Level 4.0 Short Blades
 + Level 0.8 Throwing
 + Level 4.1 Armour
 + Level 0.7 Dodging
 + Level 4.4 Shields


You had 5 spell levels left.
You didn't know any spells.

Dungeon Overview and Level Annotations

Branches:
Dungeon (4/15)
 Temple: D:4-7

Altars:


Message History

a whip of venom; a hand axe; a leather armour; a hand axe; an orc corpse You feel sick.
The orc wizard mumbles some strange words.
The orc wizard flickers and vanishes!
Deactivating autopickup; reactivate with Ctrl-A.
You closely miss the ogre.
You feel sick. The ogre barely misses you.
You barely miss the ogre. The ooze barely misses you.
You block the ogre's attack. The ooze hits you but does no damage.
You completely miss the ogre. The orc hits you but does no damage.
The ooze completely misses you. Something hits you.
The ogre hits you with a giant club!
You hit the ogre.
The ogre is lightly wounded.
You feel sick. You block the orc's attack. Something hits you.
The ooze hits you but does no damage.
You hit the ogre.
The ogre is heavily wounded.
You block the orc's attack. The ogre hits you with a giant club!!
Ouch! That really hurt!
You die...

#...## #.. ##...# #...
##...## #.... ##....#
##.... ##.....# #..... .
###......# #.....
..###........# #.....
.............## #.....
........@o....## #....
.......JO......# #....
...............######....
........)................
.........................
........................)
........................)
.........................
.........................


You could see an ogre, an ooze and an orc.

Vanquished Creatures
  Crazy Yiuf (D:3)
  Ijyb (D:3)
  A worker ant (D:4)
  Robin (D:3)
  4 adders
  2 worms (D:2)
  A dart slug (D:2)
  3 leopard geckos
  8 orcs
  A ball python (D:2)
  3 giant cockroaches
  17 goblins
  10 hobgoblins
  3 jackals (D:2)
  6 quokkas
  8 bats
  4 frilled lizards
  14 kobolds
  5 rats
  2 fungi (D:3)
95 creatures vanquished.

Notes
Turn   | Place    | Note
-------+----------+-------------------------------------------
     0 | D:1      | Alfie the Hill Orc Fighter began the quest for the Orb.
     0 | D:1      | Reached XP level 1. HP: 19/19 MP: 1/1
   191 | D:1      | Reached XP level 2. HP: 25/27 MP: 2/2
   712 | D:1      | Reached XP level 3. HP: 33/33 MP: 3/3
   990 | D:2      | Reached XP level 4. HP: 32/40 MP: 4/4
  1636 | D:3      | Noticed Ijyb
  1672 | D:3      | Killed Ijyb
  1672 | D:3      | Reached XP level 5. HP: 42/46 MP: 5/5
  1997 | D:3      | Noticed Robin
  2023 | D:3      | Killed Robin
  2183 | D:3      | Found a runed door.
  2188 | D:3      | Noticed Crazy Yiuf
  2192 | D:3      | Killed Crazy Yiuf
  2342 | D:4      | Reached XP level 6. HP: 49/53 MP: 6/6
  2448 | D:4      | Slain by an ogre

Skill      XL: |  1  2  3  4  5 |
---------------+----------------+-----
Shields        | 4 |  4.4
Fighting       | 4 |  4.3
Short Blades   | 3 4 |  4.0
Armour         | 4 |  4.1
Throwing       | |  0.8
Dodging        | |  0.7

Action                   |  1- 3 |  4- 6 || total
-------------------------+-------+-------++-------
Melee: Rapier            |   137 |   263 ||   400
Throw: Tomahawk          |     9 |       ||     9
  Use: Potion            |       |     4 ||     4
  Eat: Fruit             |       |     3 ||     3
       Chunk             |       |     1 ||     1
       Bread ration      |       |     1 ||     1
Armor: Scale mail        |    51 |   127 ||   178
Dodge: Dodged            |    36 |    79 ||   115
Block: Shield            |    71 |   187 ||   258
